 Dungeon Crawl Stone Soup version 0.29-a0-721-g7f417c9bbb (webtiles) character file.

Game seed: 18043331237093616618

91 avis the Shooter (level 4, -6/40 HPs)
             Began as a Hill Orc Hunter on June 28, 2022.
             Mangled by a gnoll
             ... wielding a +0 halberd
             ... led by a gnoll shaman
              (12 damage)
             ... on level 4 of the Dungeon.
             The game lasted 00:07:30 (723 turns).

avis the Shooter (Hill Orc Hunter)                   Turns: 723, Time: 00:07:32

Health: -6/40      AC:  3    Str: 13    XL:     4   Next: 59%
Magic:  4/4        EV: 11    Int:  9    God:
Gold:   37         SH:  0    Dex: 16    Spells: 3/3 levels left

rFire   . . .      SeeInvis .   a - +0 shortbow
rCold   . . .      Faith    .   (shield currently unavailable)
rNeg    + . .      Spirit   .   c - +0 leather armour
rPois   .          Reflect  .   (no helmet)
rElec   .          Harm     .   (no cloak)
rCorr   .          Rampage  .   (no gloves)
Will    .....                   (no boots)
Stlth   +.........              h - amulet of regeneration
HPRegen 0.93/turn               i - ring of positive energy
MPRegen 0.09/turn               (no ring)

@: no status effects
A: no striking features
a: no special abilities


You were on level 4 of the Dungeon.
You visited 1 branch of the dungeon, and saw 3 of its levels.

You collected 37 gold pieces.

Inventory:

Hand Weapons
 a - a +0 shortbow (weapon)
 o - a +0 sling
Armour
 c - a +0 leather armour (worn)
Jewellery
 g - a ring of fire
 h - an amulet of regeneration (around neck)
 i - a ring of positive energy (left hand)
 m - a ring of see invisible
Scrolls
 b - a scroll of immolation
 d - a scroll of magic mapping {unknown}
 f - a scroll of blinking {unknown}
 n - a scroll of acquirement {unknown}
 q - a scroll of poison {unknown}
Potions
 e - a potion of attraction {unknown}
 j - a potion of brilliance {unknown}
 k - a potion of curing {unknown}
 l - a potion of flight {unknown}
 p - a potion of might {unknown}


   Skills:
 + Level 3.7 Fighting
 * Level 4.8 Ranged Weapons
 - Level 1.5 Dodging
 - Level 0.7 Stealth


You had 3 spell levels left.
You didn't know any spells.
Your spell library contained the following spells:

 Spells                   Type           Power      Damage    Failure   Level
 Ensorcelled Hibernation  Hex/Ice        0%         N/A       61%         2
 Passwall                 Tmut/Erth      0%         N/A       61%         2
 Call Canine Familiar     Summ           0%         N/A       83%         3
 Portal Projectile        Hex/Tloc       0%         N/A       83%         3
 Swiftness                Air            0%         N/A       83%         3
 Leda's Liquefaction      Hex/Erth       0%         N/A       99%         4


Dungeon Overview and Level Annotations

Branches:
Dungeon (2/15)

Altars:
Xom

Shops:
D:1 [*


Message History

Things that are here:
a +0 dagger; a goblin corpse A gnoll comes into view.
It is wielding a +0 flail.
The gnoll closely misses you.
Found a shimmering altar of Xom.
Found a stone staircase leading down.
The gnoll hits you from afar with a +0 halberd!
Found a stone staircase leading down.
The gnoll barely misses you.
The gnoll hits you from afar with a +0 halberd!
The gnoll hits you from afar with a +0 halberd.
The gnoll closely misses you. The gnoll closely misses you.
The gnoll hits you from afar with a +0 halberd!
The gnoll hits you from afar with a +0 halberd!
Fire: a) +0 shortbow
Press: ? - help, Q - select action Shift-Dir - straight line, f - gnoll shaman
Aim: a gnoll shaman, wielding a +0 whip and wearing a +0 robe (66% to hit)
You shoot an arrow. The arrow barely misses the gnoll.
The arrow closely misses the gnoll.
The arrow hits the gnoll shaman!
The gnoll shaman is moderately wounded.
The gnoll hits you from afar with a +0 halberd!
* * * LOW HITPOINT WARNING * * *
The gnoll closely misses you.
Fire: a) +0 shortbow
Press: ? - help, Q - select action Shift-Dir - straight line, f/p - gnoll shaman
Aim: a gnoll shaman, wielding a +0 whip and wearing a +0 robe (moderately wounded, 66% to hit)
You shoot an arrow. The arrow barely misses the gnoll.
The arrow hits the gnoll but does no damage.
The gnoll hits you from afar with a +0 halberd.
* * * LOW HITPOINT WARNING * * *
The gnoll hits you from afar with a +0 halberd.
* * * LOW HITPOINT WARNING * * *
Okay, then.
Fire: a) +0 shortbow
Press: ? - help, Q - select action Shift-Dir - straight line, f - gnoll, p - gnoll shaman
Aim: a gnoll, wielding a +0 halberd (fast, 66% to hit)
You shoot an arrow.
The arrow hits the gnoll but does no damage.
The gnoll hits you from afar with a +0 halberd!
You die...

..........# ..........#
..........# ..........#
..........# #........#
##.......### ###
###....#...########.....
.....#####.gggg.@..#
...### ##>..########
..## ##...## .## #_..###
.# ##..>..#
.#####......#
...##...#..##
...#...##..#
####..######


You could see a gnoll shaman and 3 gnolls.

Vanquished Creatures
  A hound (D:4)
  2 adders (D:2)
  A worm (D:2)
  2 dart slugs
  8 ball pythons
  5 bats
  A giant cockroach (D:1)
  6 goblins
  A hobgoblin (D:1)
  2 quokkas (D:1)
  2 frilled lizards (D:2)
  3 kobolds (D:1)
  3 rats
37 creatures vanquished.

Vanquished Creatures (others)
  5 toadstools (D:1)
5 creatures vanquished.

Grand Total: 42 creatures vanquished

Notes
Turn   | Place    | Note
-------+----------+-------------------------------------------
     0 | D:1      | avis the Hill Orc Hunter began the quest for the Orb.
     0 | D:1      | Reached XP level 1. HP: 18/18 MP: 1/1
    47 | D:1      | Reached XP level 2. HP: 25/25 MP: 2/2
   122 | D:1      | Reached skill level 4 in Ranged Weapons
   129 | D:1      | Found Decyowau's Assorted Antiques.
   218 | D:1      | Reached XP level 3. HP: 29/31 MP: 3/3
   255 | D:1      | Found Zamniow's Armour Shoppe.
   486 | D:2      | Found a faded altar of an unknown god.
   664 | D:2      | Reached XP level 4. HP: 36/38 MP: 4/4
   676 | D:2      | You fall into a shaft and drop 2 floors!
   706 | D:4      | Found a shimmering altar of Xom.
   723 | D:4      | Mangled by a gnoll

Illustrated notes

Levels and vault maps discovered:
D:1:      ldierk_walled_garden, layout_rooms, serial_shops,
          nicolae_shop_overgrown_old_shop, shop_statue
D:2:      layout_rooms, ebering_ecumenical_altar_box
D:4:      layout_cave_pods, cheibrodos_worm_habitat, overflow_temple_1_default

Skill      XL: |  1  2 |
---------------+-------+-----
Ranged Weapons | 4 |  4.8
Fighting       | 3 |  3.7
Dodging        | |  1.5
Stealth        | |  0.7

Action                   |  1- 3 |  4- 6 || total
-------------------------+-------+-------++-------
 Fire: Shortbow          |    87 |    12 ||    99
Armor: Leather armour    |    10 |     1 ||    11
Dodge: Dodged            |    23 |     7 ||    30

Table legend: (Time is in decaauts)
 A = Elapsed time spent in this place.
 B = Non-inter-level travel time spent in this place.
 C = Inter-level travel time spent in this place.
 D = Time resting spent in this place.
 E = Time spent auto-exploring this place.
 F = Levels seen in this place.
 G = Mean time per level.
                   A        B        C        D        E       F      G
               +--------+--------+--------+--------+--------+-----+--------+
         Total |    756 |    659 |     97 |      9 |    333 |   3 |  252.0 |
       Dungeon |    756 |    659 |     97 |      9 |    333 |   3 |  252.0 |
               +--------+--------+--------+--------+--------+-----+--------+

Top non-repeatable levels by time:
     D:1: 598 daAuts
     D:2: 109 daAuts
     D:4: 48 daAuts
